Map: Jagannatha LE

Players

GunGFuBanDa - Winner!

  • Race: Protoss Protoss

SortOf

  • Race: Zerg Zerg

Event: DreamHack SC2 Masters 2021 Fall

VOD

Have the link to the VOD?

Description

Time

  • Played on: July 29, 2021, 1:16 p.m.
  • Length: 14:54

All games in this series

Show
View Real Time Build Order
Export as new Build Order

GunGFuBanDa Protoss - Winner!

Build Orders: 1 Gate Expand 

Get SALT Encoding   

  12  0:00  Probe  
  13  0:12  Probe  
  14  0:18  Pylon  
  14  0:24  Probe (Chrono Boost)  
  15  0:37  Probe (Chrono Boost)  
  15  0:38  Gateway  
  16  0:44  Probe (Chrono Boost)  
  16  0:49  Assimilator  
  17  0:51  Probe  
  18  1:03  Probe  
  19  1:15  Probe  
  20  1:27  Nexus  
  20  1:35  Cybernetics Core  
  20  1:38  Probe  
  21  1:44  Assimilator  
  21  1:50  Probe  
  21  1:53  Pylon  
  22  2:02  Probe (Chrono Boost)  
  23  2:08  Adept (Chrono Boost)  
  23  2:14  Probe (Chrono Boost)  
  26  2:16  Warp Gate  
  27  2:23  Probe (Chrono Boost)  
  27  2:24  Twilight Council  
  27  2:28  Probe  
  27  2:32  Adept (Chrono Boost)  
  30  2:39  Probe  
  30  2:40  Probe  
  33  2:51  Probe  
  33  2:53  Probe  
  33  2:54  Stalker  
  36  3:03  Robotics Facility, Probe  
  37  3:09  Probe  
  38  3:15  Probe  
  38  3:16  Resonating Glaives (Chrono Boost)  
  39  3:20  Gateway  
  39  3:21  Probe  
  40  3:27  Probe  
  40  3:33  Gateway, Probe  
  42  3:38  Gateway  
  42  3:42  Probe  
  42  3:48  Warp Prism (Chrono Boost)  
  43  3:52  Pylon  
  43  3:54  Probe  
  46  4:07  Pylon  
  46  4:10  Probe x2  
  46  4:11  Pylon  
  46  4:12  Adept  
  46  4:14  Adept  
  52  4:17  Robotics Bay  
  52  4:22  Probe x2  
  52  4:23  Assimilator  
  54  4:34  Observer  
  54  4:36  Adept  
  54  4:37  Adept x3  
  63  4:40  Probe  
  63  4:42  Probe  
  63  4:43  Assimilator  
  66  4:52  Probe  
  67  5:03  Pylon  
  67  5:04  Probe  
  68  5:09  Disruptor (Chrono Boost)  
  68  5:13  Shield Battery  
  70  5:29  Probe x2  
  70  5:35  Disruptor (Chrono Boost)  
  66  5:37  Adept  
  66  5:38  Adept  
  66  5:40  Gravitic Drive (Chrono Boost)  
  66  5:41  Probe  
  70  5:43  Blink  
  70  5:52  Nexus  
  70  5:53  Pylon  
  70  6:00  Colossus (Chrono Boost)  
  76  6:04  Sentry  
  76  6:06  Pylon  
  78  6:11  Pylon  
  78  6:19  Adept  
  78  6:20  Adept  
  78  6:22  Observer  
  78  6:23  Probe  
  78  6:25  Adept  
  85  6:28  Probe  
  85  6:29  Forge, Shield Battery  
  85  6:31  Gateway  
  86  6:37  Gateway  
  86  6:45  Probe x2  
  86  6:49  Observer  
  86  6:51  Colossus (Chrono Boost)  
  84  6:54  Sentry  
  84  6:55  Extended Thermal Lance  
  84  6:57  Probe x2  
  92  7:01  Protoss Ground Weapons Level 1 (Chrono Boost)  
  92  7:04  Probe  
  93  7:09  Probe x2  
  95  7:16  Probe  
  95  7:17  Gateway  
  95  7:18  Gateway  
  95  7:21  Pylon, Probe x2  
  98  7:28  Probe  
  99  7:33  Probe  
  106  7:45  Probe  
  106  7:47  Probe  
  106  7:48  Probe  
  106  7:49  Stalker x4  
  111  7:51  Assimilator  
  111  7:52  Assimilator  
  111  7:56  Photon Cannon  
  111  7:57  Stargate, Probe  
  102  8:02  Photon Cannon  
  102  8:03  Pylon  
  102  8:07  Shield Battery  
  102  8:08  Photon Cannon  
  102  8:12  Stalker x6  
  114  8:17  Shield Battery  
  114  8:18  Photon Cannon  
  114  8:26  Charge (Chrono Boost)  
  114  8:27  Observer  
  114  8:31  Nexus  
  114  8:35  Pylon  
  114  8:40  Immortal  
  118  8:42  Phoenix (Chrono Boost)  
  118  8:43  Protoss Ground Weapons Level 2 (Chrono Boost)  
  120  8:50  Adept x2  
  124  9:01  Stalker x4  
  124  9:02  Probe  
  133  9:03  Shield Battery  
  133  9:10  Pylon  
  133  9:13  Phoenix  
  135  9:26  Stalker x3  
  140  9:32  Probe  
  140  9:33  Probe x2  
  137  9:44  Pylon  
  137  9:45  Probe x3  
  138  9:46  Pylon  
  138  9:47  Pylon  
  138  9:54  Pylon  
  138  9:56  Pylon, Probe  
  138  9:57  Probe  
  140  10:00  Probe  
  140  10:01  Templar Archives  
  140  10:02  Immortal  
  140  10:05  Zealot x6  
  157  10:09  Dark Shrine  
  157  10:18  Gravitic Boosters (Chrono Boost)  
  157  10:21  Photon Cannon  
  155  10:30  Shield Battery  
  155  10:33  Zealot x8  
  149  10:48  Immortal  
  153  10:50  Probe x3  
  153  10:56  Probe  
  157  10:58  Protoss Ground Weapons Level 3 (Chrono Boost), High Templar x4  
  157  11:02  Archon, Probe x2  
  157  11:03  Gateway x2, Archon  
  167  11:07  Probe  
  167  11:08  Probe  
  169  11:14  Probe x2  
  171  11:19  Probe  
  171  11:20  Photon Cannon, Probe  
  171  11:22  Pylon  
  173  11:25  High Templar  
  173  11:26  High Templar  
  173  11:28  Assimilator  
  173  11:30  Assimilator, Archon  
  173  11:32  Pylon, Disruptor  
  180  11:36  Photon Cannon  
  180  11:39  Photon Cannon  
  180  11:47  Fleet Beacon  
  180  12:01  Dark Templar x3  
  180  12:07  Warp Prism  
  182  12:11  Zealot x7  
  186  12:27  Probe  
  187  12:31  Stargate  
  187  12:32  Stargate  
  187  12:35  Protoss Air Weapons Level 1 (Chrono Boost)  
  187  12:52  Carrier (Chrono Boost)  
  188  12:59  Mothership (Chrono Boost)  
  186  13:08  Archon  
  188  13:21  Photon Cannon  
  188  13:22  Photon Cannon  
  188  13:24  Photon Cannon  
  188  13:25  Carrier (Chrono Boost)  
  188  13:27  Observer, Photon Cannon  
  188  13:30  Disruptor  
  191  13:35  Pylon  
  191  13:40  Zealot x10  
  197  13:52  Nexus  
  197  13:53  Pylon  
  186  14:22  Zealot x10  
Show
View Real Time Build Order
Export as new Build Order

SortOf Zerg 

Build Orders: Hatch First 

Get SALT Encoding   

  12  0:00  Drone  
  13  0:12  Overlord  
  13  0:16  Drone  
  14  0:30  Drone x2  
  16  0:51  Hatchery, Drone  
  16  0:55  Drone  
  17  0:58  Drone  
  18  1:15  Extractor  
  18  1:16  Spawning Pool  
  16  1:18  Drone  
  16  1:22  Drone  
  18  1:29  Drone  
  19  1:39  Drone  
  20  1:49  Overlord  
  20  2:02  Queen  
  20  2:03  Queen  
  20  2:05  Zergling x2  
  20  2:06  Drone  
  26  2:14  Zergling x2  
  28  2:15  Drone  
  28  2:17  Metabolic Boost  
  28  2:22  Drone  
  29  2:25  Drone  
  30  2:39  Drone  
  30  2:42  Hatchery  
  30  2:46  Queen  
  30  2:49  Zergling x2  
  33  2:52  Overlord  
  33  2:55  Drone  
  33  2:58  Zergling x2  
  35  3:00  Zergling x2  
  36  3:10  Queen  
  38  3:14  Drone x4  
  41  3:20  Drone x2  
  41  3:25  Overlord  
  43  3:31  Roach Warren  
  43  3:33  Drone  
  43  3:38  Overlord  
  43  3:40  Extractor  
  42  3:43  Overlord  
  42  3:45  Drone  
  43  3:54  Drone x5  
  48  4:03  Drone  
  48  4:06  Drone x3  
  52  4:11  Overlord  
  52  4:12  Roach x2  
  52  4:16  Roach  
  58  4:22  Zergling x8  
  62  4:24  Zergling x2  
  62  4:25  Zergling x2  
  62  4:30  Zergling x6  
  66  4:33  Ravager x2  
  66  4:37  Zergling x4  
  70  4:41  Spore Crawler  
  70  4:44  Zergling x10  
  73  4:54  Spore Crawler  
  73  4:57  Overlord  
  72  5:00  Ravager  
  72  5:02  Spore Crawler  
  72  5:06  Lair  
  72  5:09  Overlord  
  72  5:15  Drone x5  
  72  5:20  Drone x5  
  77  5:29  Drone x4  
  77  5:33  Drone x3  
  77  5:35  Drone  
  80  5:41  Drone x4  
  84  5:43  Extractor, Drone  
  84  5:50  Drone x4, Evolution Chamber  
  87  5:59  Overlord  
  87  6:00  Drone x3  
  89  6:06  Overlord  
  89  6:08  Overlord  
  89  6:09  Extractor  
  89  6:10  Queen  
  89  6:11  Extractor, Glial Reconstitution  
  89  6:12  Extractor  
  89  6:14  Overseer  
  87  6:23  Drone x10  
  87  6:25  Zerg Missile Weapons Level 1  
  95  6:30  Roach  
  97  6:37  Spire  
  97  6:38  Roach x3  
  102  6:43  Roach x4  
  110  6:50  Queen  
  107  7:03  Baneling Nest  
  107  7:04  Roach x4  
  107  7:05  Overlord  
  107  7:07  Overlord  
  114  7:12  Hatchery, Overlord  
  113  7:16  Overlord  
  113  7:24  Ravager x2  
  113  7:25  Ravager x2  
  113  7:26  Roach  
  113  7:28  Zergling x14, Roach x2  
  130  7:35  Roach x4  
  131  7:45  Roach x4  
  137  7:53  Centrifical Hooks  
  137  7:55  Overlord  
  137  7:56  Drone x3  
  139  8:21  Overlord x2  
  139  8:22  Overlord x2, Zerg Missile Weapons Level 2  
  139  8:26  Roach x10  
  159  8:36  Overlord x3  
  159  8:47  Roach x5  
  169  8:50  Ravager x4  
  169  8:51  Baneling x3  
  169  8:54  Zergling x10  
  178  9:02  Drone x7, Infestation Pit  
  185  9:03  Drone x2  
  185  9:04  Evolution Chamber  
  185  9:05  Zergling x2  
  185  9:08  Zergling x2  
  187  9:10  Baneling x8  
  187  9:11  Baneling  
  187  9:13  Zergling x4  
  189  9:19  Zergling x8  
  189  9:20  Baneling x7  
  191  9:32  Zergling x18  
  188  9:43  Zerg Melee Weapons Level 1, Hive  
  180  9:47  Zergling x20  
  180  9:48  Baneling x3  
  180  9:49  Baneling  
  182  9:53  Drone  
  182  9:54  Spine Crawler  
  182  9:55  Spore Crawler  
  182  9:56  Drone x3  
  182  9:58  Drone  
  183  10:04  Baneling x12  
  183  10:15  Queen  
  183  10:18  Drone x5  
  183  10:20  Extractor  
  189  10:24  Mutalisk x2  
  194  10:28  Zergling x14  
  195  10:44  Hatchery  
  195  10:46  Zerg Ground Armor Level 1  
  194  10:51  Baneling x11  
  194  10:58  Spine Crawler  
  194  11:00  Spine Crawler  
  194  11:01  Spine Crawler  
  194  11:02  Adrenal Glands  
  194  11:03  Greater Spire  
  191  11:04  Zergling x16  
  197  11:22  Baneling  
  195  11:26  Extractor  
  195  11:31  Ultralisk Cavern  
  191  11:34  Overlord  
  191  11:36  Zergling x18  
  200  11:43  Overlord  
  200  11:44  Zerg Melee Weapons Level 2  
  200  11:45  Spore Crawler x2  
  198  11:52  Corruptor  
  198  11:53  Extractor  
  198  11:54  Extractor  
  192  12:06  Corruptor x4  
  198  12:10  Drone  
  197  12:22  Corruptor x5  
  186  12:24  Zergling x8  
  200  12:32  Chitinous Plating  
  196  12:41  Overlord  
  196  12:42  Overseer x2  
  190  12:45  Zergling x20  
  193  12:55  Zergling x20  
  196  13:13  Zergling x6  
  196  13:19  Hatchery  
  198  13:25  Baneling x6  
  198  13:29  Hatchery  
  197  13:34  Drone x2  
  194  13:47  Hatchery  
  192  13:49  Pathogen Glands  
  192  13:51  Anabolic Synthesis  
  192  13:56  Zergling x14  
  195  14:08  Zergling x8  
  195  14:09  Zergling x18  
  169  14:20  Zergling x8  
  169  14:22  Roach  
  169  14:23  Roach x6  
  179  14:30  Roach x2  
  158  14:35  Roach x2  

Tags
 
Add a new tag
Caveats
  • Supply blocks, unpowered buildings, or Contaminate may cause inaccurate times.
  • Supply counts are checked every 10 seconds.